TOP OF THE 1ST |
Irvine Gang Green batting - Pitching for Nassau Rockets : RHP Tomás Molina
|
Pitching: RHP Tomás Molina
|
|
Batting: RHB José Salazar
|
0-0: Called Strike 0-1: Ground out 6-3 (Groundball, 6)
|
Batting: LHB Jorge Martínez
|
0-0: Ball 1-0: Ball 2-0: Ball 3-0: Base on Balls
|
Batting: LHB Jesús Campos
|
0-0: Called Strike 0-1: Foul Ball, location: 2F 0-2: Ball 1-2: Ball 2-2: Fly out, F8 (Flyball, 78D)
|
Batting: LHB Víctor Quiñones
|
0-0: Ball 1-0: Foul Ball, location: 2F 1-1: Foul Ball, location: 2F 1-2: Fly out, F7 (Flyball, 7)
|
Top of the 1st over - 0 run(s), 0 hit(s), 0 error(s), 1 left on base; Irvine 0 - Nassau 0 |
BOTTOM OF THE 1ST |
Nassau Rockets batting - Pitching for Irvine Gang Green : RHP Germán Pérez
|
Pitching: RHP Germán Pérez
|
|
Batting: SHB Howard Parker
|
0-0: Bunt for hit - play at first, batter OUT! 1-3
|
Batting: LHB Andrew Alvarado
|
0-0: Ball 1-0: Ball 2-0: Called Strike 2-1: Reached on error, E3 (Groundball, 3L)
|
Batting: LHB Bob Martin
|
0-0: Ball 1-0: Called Strike Andrew Alvarado steals 2nd base 1-1: Ball 2-1: Called Strike 2-2: Strikes out looking
|
Batting: LHB Doug Thompson
|
0-0: Ball 1-0: Swinging Strike 1-1: 2-RUN HOME RUN (Flyball, 89XD), Distance : 386 ft
|
Batting: LHB Don Ramey
|
0-0: DOUBLE (Line Drive, 89M)
|
Batting: LHB Wilson Allen
|
0-0: Foul Ball, location: 2F 0-1: Swinging Strike 0-2: Ball 1-2: Strikes out looking
|
Bottom of the 1st over - 2 run(s), 2 hit(s), 1 error(s), 1 left on base; Irvine 0 - Nassau 2 |
TOP OF THE 2ND |
Irvine Gang Green batting - Pitching for Nassau Rockets : RHP Tomás Molina
|
Batting: RHB Buck Jones
|
0-0: Called Strike 0-1: Foul Ball, location: 2F 0-2: Ball 1-2: Foul Ball, location: 2F 1-2: Ground out 5-3 (Groundball, 5)
|
Batting: LHB Bill Murphy
|
0-0: Ball 1-0: Bunted foul 1-1: Swinging Strike 1-2: Ball 2-2: Foul Ball, location: 2F 2-2: Foul Ball, location: 2F 2-2: SINGLE (Line Drive, 6D)
|
Batting: RHB Eichiro Yamamoto
|
0-0: Ball 1-0: DOUBLE (Line Drive, 78XD) Bill Murphy to third
|
Batting: RHB Tom Doherty
|
0-0: Ground out 1-3 (Groundball, P)
|
Batting: RHB Ronnie Brown
|
0-0: SINGLE (Line Drive, 89M) Bill Murphy scores Eichiro Yamamoto to third Runner from 3rd tries for Home, SAFE, no throw
|
Batting: RHB José Salazar
|
0-0: Ball 1-0: Called Strike Ronnie Brown steals 2nd base 1-1: Ball 2-1: Foul Ball, location: 2F 2-2: Ball 3-2: Ground out 1-3 (Groundball, P)
|
Top of the 2nd over - 2 run(s), 3 hit(s), 0 error(s), 1 left on base; Irvine 2 - Nassau 2 |
BOTTOM OF THE 2ND |
Nassau Rockets batting - Pitching for Irvine Gang Green : RHP Germán Pérez
|
Batting: RHB Yaichiro Sugahara
|
0-0: Swinging Strike 0-1: Called Strike 0-2: Strikes out looking
|
Batting: RHB Junior Vargas
|
0-0: Called Strike 0-1: Bunt missed! 0-2: Strikes out swinging
|
Batting: RHB Pete Harvey
|
0-0: Ball 1-0: SINGLE (Line Drive, 89M)
|
Batting: SHB Howard Parker
|
0-0: Ball 1-0: Ball 2-0: Foul Ball, location: 2F 2-1: Ball 3-1: Base on Balls Pete Harvey to second
|
Batting: LHB Andrew Alvarado
|
0-0: Fly out, F8 (Flyball, 89S)
|
Bottom of the 2nd over - 0 run(s), 1 hit(s), 0 error(s), 2 left on base; Irvine 2 - Nassau 2 |
TOP OF THE 3RD |
Irvine Gang Green batting - Pitching for Nassau Rockets : RHP Tomás Molina
|
Batting: LHB Jorge Martínez
|
0-0: Foul Ball, location: 2F 0-1: Foul Ball, location: 2F 0-2: Ball 1-2: Ball 2-2: Ball 3-2: DOUBLE (Groundball, 3L)
|
Batting: LHB Jesús Campos
|
0-0: Swinging Strike 0-1: Called Strike 0-2: Ball 1-2: Foul Ball, location: 2F 1-2: Foul Ball, location: 2F 1-2: Strikes out swinging
|
Batting: LHB Víctor Quiñones
|
0-0: Called Strike 0-1: Ball 1-1: Foul Ball, location: 2F 1-2: Foul Ball, location: 2F 1-2: Strikes out swinging
|
Batting: RHB Buck Jones
|
0-0: Ball 1-0: Foul Ball, location: 2F 1-1: Foul Ball, location: 2F 1-2: Ball 2-2: Foul Ball, location: 2F 2-2: Fly out, F3 (Line Drive, 3S)
|
Top of the 3rd over - 0 run(s), 1 hit(s), 0 error(s), 1 left on base; Irvine 2 - Nassau 2 |
BOTTOM OF THE 3RD |
Nassau Rockets batting - Pitching for Irvine Gang Green : RHP Germán Pérez
|
Batting: LHB Bob Martin
|
0-0: Called Strike 0-1: Ball 1-1: Ball 2-1: Ball 3-1: Ground out 5-3 (Groundball, 2L)
|
Batting: LHB Doug Thompson
|
0-0: Ball 1-0: Foul Ball, location: 2F 1-1: SINGLE (Groundball, 34D)
|
Batting: LHB Don Ramey
|
0-0: Ball 1-0: Ball 2-0: Swinging Strike 2-1: Ball 3-1: Grounds into double play, 4-6-3 (Groundball, 4)
|
Bottom of the 3rd over - 0 run(s), 1 hit(s), 0 error(s), 0 left on base; Irvine 2 - Nassau 2 |
TOP OF THE 4TH |
Irvine Gang Green batting - Pitching for Nassau Rockets : RHP Tomás Molina
|
Batting: LHB Bill Murphy
|
0-0: Called Strike 0-1: Swinging Strike 0-2: Ball 1-2: Fly out, F7 (Flyball, 7)
|
Batting: RHB Eichiro Yamamoto
|
0-0: Swinging Strike 0-1: SINGLE (Flyball, 89S)
|
Batting: RHB Tom Doherty
|
0-0: Ball 1-0: Called Strike 1-1: Foul Ball, location: 2F 1-2: Foul Ball, location: 2F 1-2: Ball 2-2: Ground out 6-3 (Groundball, 6MS) Eichiro Yamamoto to second
|
Batting: RHB Ronnie Brown
|
0-0: Called Strike 0-1: Ground out 6-3 (Groundball, 6S)
|
Top of the 4th over - 0 run(s), 1 hit(s), 0 error(s), 1 left on base; Irvine 2 - Nassau 2 |
BOTTOM OF THE 4TH |
Nassau Rockets batting - Pitching for Irvine Gang Green : RHP Germán Pérez
|
Batting: LHB Wilson Allen
|
0-0: Ball 1-0: Foul Ball, location: 2F 1-1: Foul Ball, location: 2F 1-2: SINGLE (Flyball, 8LS)
|
Batting: RHB Yaichiro Sugahara
|
0-0: Ball 1-0: SINGLE (Groundball, 6MD) Wilson Allen to second Runner from 2nd tries for 3rd, SAFE, throw made to third
|
Batting: RHB Junior Vargas
|
0-0: Ball Wild Pitch! Wilson Allen scores Yaichiro Sugahara to second 1-0: Called Strike 1-1: Swinging Strike 1-2: Foul Ball, location: 2F 1-2: Ground out 1-3 (Groundball, 13S) Yaichiro Sugahara to third
|
Batting: RHB Pete Harvey
|
0-0: Ground out 5-3 (Groundball, 56) Yaichiro Sugahara scores
|
Batting: SHB Howard Parker
|
0-0: Foul Ball, location: 2F 0-1: Fly out, F7 (Flyball, 7)
|
Bottom of the 4th over - 2 run(s), 2 hit(s), 0 error(s), 0 left on base; Irvine 2 - Nassau 4 |
TOP OF THE 5TH |
Irvine Gang Green batting - Pitching for Nassau Rockets : RHP Tomás Molina
|
Batting: RHB José Salazar
|
0-0: Foul Ball, location: 2F 0-1: Ball 1-1: Foul Ball, location: 2F 1-2: Strikes out looking
|
Batting: LHB Jorge Martínez
|
0-0: Foul Ball, location: 2F 0-1: Ball 1-1: Foul Ball, location: 2F 1-2: Ball 2-2: Ball 3-2: Fly out, F8 (Flyball, 8RD)
|
Batting: LHB Jesús Campos
|
0-0: Swinging Strike 0-1: Ball 1-1: Ball 2-1: Swinging Strike 2-2: Ball 3-2: Base on Balls
|
Batting: LHB Víctor Quiñones
|
0-0: Foul Ball, location: 2F 0-1: Foul Ball, location: 2F 0-2: Ball Jesús Campos steals 2nd base 1-2: Ball Wild Pitch! Jesús Campos to third 2-2: Foul Ball, location: 2F 2-2: Ground out 4-3 (Groundball, 4)
|
Top of the 5th over - 0 run(s), 0 hit(s), 0 error(s), 1 left on base; Irvine 2 - Nassau 4 |
BOTTOM OF THE 5TH |
Nassau Rockets batting - Pitching for Irvine Gang Green : RHP Germán Pérez
|
Batting: LHB Andrew Alvarado
|
0-0: Ground out 4-3 (Groundball, 4D)
|
Batting: LHB Bob Martin
|
0-0: Called Strike 0-1: SINGLE (Groundball, 6MD)
|
Batting: LHB Doug Thompson
|
0-0: Ball 1-0: SINGLE (Line Drive, 9S) Bob Martin to second
|
Batting: LHB Don Ramey
|
0-0: SINGLE (Flyball, 7LS) Bob Martin to third Doug Thompson to second Runner from 3rd tries for Home, SAFE, throw made at trailing runner, SAFE at third!
|
Batting: LHB Wilson Allen
|
0-0: Swinging Strike 0-1: Fly out, F8 (Flyball, 8LS) Runner from 3rd tags up, SCORES, no throw
|
Pitching: LHP Yu-shu Kong
|
|
Batting: RHB Yaichiro Sugahara
|
0-0: Ball 1-0: Foul Ball, location: 2F 1-1: Ground out 5-3 (Groundball, 56S)
|
Bottom of the 5th over - 2 run(s), 3 hit(s), 0 error(s), 1 left on base; Irvine 2 - Nassau 6 |
TOP OF THE 6TH |
Irvine Gang Green batting - Pitching for Nassau Rockets : RHP Tomás Molina
|
Pitching: LHP Gianluigi Ciottone
|
|
Batting: RHB Buck Jones
|
0-0: Called Strike 0-1: Foul Ball, location: 2F 0-2: Ball 1-2: Ball 2-2: SINGLE (Line Drive, 78S)
|
Batting: LHB Bill Murphy
|
0-0: Ball 1-0: Ball 2-0: Called Strike 2-1: Ball 3-1: Base on Balls Buck Jones to second
|
Batting: RHB Eichiro Yamamoto
|
0-0: Called Strike 0-1: Foul Ball, location: 2F 0-2: Strikes out swinging
|
Batting: RHB Tom Doherty
|
0-0: Foul Ball, location: 2F 0-1: Ball 1-1: SINGLE (Groundball, 56D) Buck Jones to third Bill Murphy to second Runner from 3rd tries for Home, SAFE, no throw
|
Batting: RHB Ronnie Brown
|
0-0: Called Strike 0-1: Ball 1-1: Ball 2-1: Ball 3-1: Foul Ball, location: 2F 3-2: DOUBLE (Line Drive, 9LM) Bill Murphy scores Tom Doherty to third
|
Batting: RHB José Salazar
|
0-0: Foul Ball, location: 2F 0-1: Foul Ball, location: 2F 0-2: Ball 1-2: Foul Ball, location: 2F 1-2: Fly out, F5 (Popup, 5)
|
Batting: LHB Jorge Martínez
|
0-0: Foul Ball, location: 2F 0-1: Swinging Strike 0-2: Strikes out looking
|
Top of the 6th over - 2 run(s), 3 hit(s), 0 error(s), 2 left on base; Irvine 4 - Nassau 6 |
BOTTOM OF THE 6TH |
Nassau Rockets batting - Pitching for Irvine Gang Green : LHP Yu-shu Kong
|
Batting: RHB Junior Vargas
|
0-0: Foul Ball, location: 2F 0-1: Ball 1-1: Ball 2-1: Foul Ball, location: 2F 2-2: SINGLE (Groundball, 56D)
|
Batting: RHB Pete Harvey
|
0-0: Ball 1-0: Ball 2-0: Called Strike 2-1: Ground out 5-3 (Groundball, 6S) Junior Vargas to second
|
Batting: SHB Howard Parker
|
0-0: Called Strike 0-1: Ball 1-1: Foul Ball, location: 2F 1-2: Foul Ball, location: 2F 1-2: Ball 2-2: Ball 3-2: SINGLE (Groundball, 34S) (infield hit) Junior Vargas to third
|
Batting: LHB Andrew Alvarado
|
0-0: Called Strike 0-1: Called Strike 0-2: Ball 1-2: SINGLE (Groundball, 6MD) Junior Vargas scores Howard Parker to second Runner from 2nd tries for 3rd, SAFE, no throw
|
Batting: LHB Bob Martin
|
0-0: Ground out U3 (Groundball, 3) Andrew Alvarado to second
|
Batting: LHB Doug Thompson
|
0-0: Ball 1-0: Ball 2-0: Ball 3-0: SINGLE (Groundball, 4MS) (infield hit) Howard Parker scores Andrew Alvarado to third
|
Batting: LHB Don Ramey
|
Pickoff Throw to First - Out!
|
Bottom of the 6th over - 2 run(s), 4 hit(s), 0 error(s), 0 left on base; Irvine 4 - Nassau 8 |
TOP OF THE 7TH |
Irvine Gang Green batting - Pitching for Nassau Rockets : LHP Gianluigi Ciottone
|
Batting: LHB Jesús Campos
|
0-0: Called Strike 0-1: Ball 1-1: Foul Ball, location: 2F 1-2: Foul Ball, location: 2F 1-2: Foul Ball, location: 2F 1-2: Ball 2-2: Foul Ball, location: 2F 2-2: Foul Ball, location: 2F 2-2: Foul Ball, location: 2F 2-2: Ground out 4-3 (Groundball, 4)
|
Batting: LHB Víctor Quiñones
|
0-0: Called Strike 0-1: Ball 1-1: Swinging Strike 1-2: Strikes out swinging
|
Batting: RHB Buck Jones
|
0-0: Ball 1-0: Foul Ball, location: 2F 1-1: Ground out 6-3 (Groundball, 6)
|
Top of the 7th over - 0 run(s), 0 hit(s), 0 error(s), 0 left on base; Irvine 4 - Nassau 8 |
BOTTOM OF THE 7TH |
Nassau Rockets batting - Pitching for Irvine Gang Green : LHP Yu-shu Kong
|
Batting: LHB Don Ramey
|
0-0: Ball 1-0: Ball 2-0: Called Strike 2-1: Ground out 6-3 (Groundball, 6MS)
|
Batting: LHB Wilson Allen
|
0-0: Ball 1-0: Ball 2-0: Ball 3-0: Called Strike 3-1: Base on Balls
|
Batting: RHB Yaichiro Sugahara
|
0-0: Called Strike 0-1: Called Strike 0-2: Strikes out swinging
|
Pitching: RHP Kuang-yin Yue
|
|
Batting: RHB Junior Vargas
|
0-0: Ball 1-0: Ball 2-0: Swinging Strike 2-1: Fly out, F8 (Flyball, 89D)
|
Bottom of the 7th over - 0 run(s), 0 hit(s), 0 error(s), 1 left on base; Irvine 4 - Nassau 8 |
TOP OF THE 8TH |
Irvine Gang Green batting - Pitching for Nassau Rockets : LHP Gianluigi Ciottone
|
Batting: LHB Bill Murphy
|
0-0: Called Strike 0-1: Called Strike 0-2: Foul Ball, location: 2F 0-2: Ball 1-2: Foul Ball, location: 2F 1-2: Ground out 4-3 (Groundball, 4)
|
Pitching: RHP Roberto Reyes
|
|
Batting: RHB Eichiro Yamamoto
|
0-0: Called Strike 0-1: Foul Ball, location: 2F 0-2: Strikes out swinging
|
Batting: RHB Tom Doherty
|
0-0: Called Strike 0-1: Ball 1-1: Ball 2-1: Swinging Strike 2-2: Strikes out swinging
|
Top of the 8th over - 0 run(s), 0 hit(s), 0 error(s), 0 left on base; Irvine 4 - Nassau 8 |
BOTTOM OF THE 8TH |
Nassau Rockets batting - Pitching for Irvine Gang Green : RHP Kuang-yin Yue
|
Batting: RHB Pete Harvey
|
0-0: Called Strike 0-1: Called Strike 0-2: Ground out 1-3 (Groundball, 15S)
|
Batting: SHB Howard Parker
|
0-0: Called Strike 0-1: Ball 1-1: Ball 2-1: Ball 3-1: Foul Ball, location: 2F 3-2: Fly out, F8 (Flyball, 78M)
|
Batting: LHB Andrew Alvarado
|
0-0: Called Strike 0-1: Foul Ball, location: 2F 0-2: Ball 1-2: Strikes out swinging
|
Bottom of the 8th over - 0 run(s), 0 hit(s), 0 error(s), 0 left on base; Irvine 4 - Nassau 8 |
TOP OF THE 9TH |
Irvine Gang Green batting - Pitching for Nassau Rockets : RHP Roberto Reyes
|
Batting: RHB Ronnie Brown
|
0-0: Called Strike 0-1: Swinging Strike 0-2: SOLO HOME RUN (Flyball, 78XD), Distance : 379 ft
|
Pitching: RHP Juan Franco
|
|
Batting: RHB José Salazar
|
0-0: SINGLE (Line Drive, 8LS)
|
Batting: LHB Jorge Martínez
|
0-0: Called Strike 0-1: Ball 1-1: Ball 2-1: Ball 3-1: Base on Balls José Salazar to second
|
Batting: LHB Jesús Campos
|
0-0: Swinging Strike 0-1: Fielders Choice at 2nd, 4-6 (Groundball, 34) José Salazar to third
|
Batting: LHB Víctor Quiñones
|
0-0: Ball 1-0: Ball 2-0: Called Strike 2-1: Ball 3-1: Base on Balls Jesús Campos to second
|
Batting: RHB Buck Jones
|
0-0: Called Strike 0-1: Foul Ball, location: 2F 0-2: Foul Ball, location: 2F 0-2: DOUBLE (Groundball, 3L) José Salazar scores Jesús Campos scores Víctor Quiñones to third
|
Batting: LHB Bill Murphy
|
0-0: Ball 1-0: Fly out, F9 (Flyball, 34D)
|
Batting: RHB Eichiro Yamamoto
|
0-0: Called Strike 0-1: Ball 1-1: Ball 2-1: Swinging Strike 2-2: Strikes out swinging
|
Top of the 9th over - 3 run(s), 3 hit(s), 0 error(s), 2 left on base; Irvine 7 - Nassau 8 |
|